 Dungeon Crawl Stone Soup version 0.20-b1-14-g8425815 (webtiles) character file.

2324 tof the Fighter (level 9, 0/78 HPs)
             Began as a Barachi Fighter on May 23, 2017.
             Succumbed to an orc wizard's poison
             ... on level 8 of the Dungeon.
             The game lasted 00:18:50 (6274 turns).

tof the Fighter (Barachi Fighter)                   Turns: 6274, Time: 00:18:50

Health: 0/78       AC: 13    Str: 17    XL:     9   Next: 42%
Magic:  7/9        EV: 10    Int:  9    God:
Gold:   212        SH:  0    Dex: 18    Spells: 8/8 levels left

rFire    + . .     SeeInvis .   C - +4 great mace (protect)
rCold    . . .     Gourm    .   (shield currently unavailable)
rNeg     . . .     Faith    .   c - +4 ring mail "Seozxub" {rElec Dex+3}
rPois    .         Spirit   +   (no helmet)
rElec    +         Reflect  .   s - +2 cloak
rCorr    .         Harm     .   (no gloves)
MR       .....                  (no boots)
Stlth    +.........             v - amulet of guardian spirit
Regen    0.3/turn               r - ring of protection from fire
MPRegen  0.2/turn               (no ring)

@: lethally poisoned (0 -> -36), slow
A: +LOS, swims, slowness 1, strong legs 1
a: Hop


You were on level 8 of the Dungeon.
You were not hungry.

You visited 2 branches of the dungeon, and saw 9 of its levels.

You collected 449 gold pieces.
You spent 237 gold pieces at shops.

Inventory:

Hand Weapons
 a - a +1 flail of protection
 C - a +4 great mace of protection (weapon)
Armour
 c - the +4 ring mail "Seozxub" (worn) {rElec Dex+3}
   (You found it on level 7 of the Dungeon)

   It affects your dexterity (+3).
   It insulates you from electricity.
 s - a +2 cloak (worn)
 F - a +0 plate armour
Jewellery
 r - a ring of protection from fire (left hand)
 v - an amulet of guardian spirit (around neck)
 y - an uncursed amulet of regeneration
Wands
 e - a wand of digging (8/24)
Scrolls
 g - a scroll of teleportation
 h - 5 scrolls of identify
 o - 3 scrolls of recharging
 w - 4 scrolls of remove curse
 B - 2 scrolls of amnesia
Potions
 b - a potion of resistance {unknown}
 d - a potion of might
 i - a potion of brilliance {unknown}
 j - a potion of lignification {unknown}
 k - a potion of mutation {unknown}
 l - a potion of agility {unknown}
 m - 2 potions of flight {unknown}
 n - 3 potions of curing {unknown}
 q - 3 potions of haste
 t - a potion of magic {unknown}
 u - 2 potions of invisibility {unknown}
 x - a potion of berserk rage {unknown}
 G - a potion of cancellation {unknown}
Comestibles
 f - 10 bread rations
 p - 2 royal jellies
 z - a meat ration
 H - 5 chunks of flesh


   Skills:
 * Level 9.9 Fighting
 * Level 9.1 Maces & Flails
 + Level 7.2 Armour
   Level 3.2 Shields


You had 8 spell levels left.
You didn't know any spells.

Dungeon Overview and Level Annotations

Branches:
Dungeon (8/15)             Temple (1/1) D:5
   Lair: D:8-11

Altars:
Ashenzari
Cheibriados
Dithmenos
Fedhas
Gozag
Hepliaklqana
Kikubaaqudgha
Makhleb
Nemelex Xobeh
Okawaru
Qazlal
Ru
Sif Muna
Trog
Uskayaw
Vehumet
Xom
Yredelemnul
Zin
The Shining One

Shops:
D:6 (   D:7 }


Innate Abilities, Weirdness & Mutations

Shadows flee at your approach. (+LOS)
You can swim through water.
You cover ground slowly.
You can hop short distances.


Message History

You feel strangely unstable.
* * * LOW HITPOINT WARNING * * *
You feel very sick.
The orc wizard hits you but does no damage.
You are more poisoned.
* * * LOW HITPOINT WARNING * * *
You feel very sick. The orc warrior closely misses you.
The orc wizard closely misses you.
The orc warrior hits you but does no damage.
You see here a bread ration.
* * * LOW HITPOINT WARNING * * *
You feel very sick.
* * * LOW HITPOINT WARNING * * *
You feel very sick.
The orc wizard hits you but does no damage.
You are more poisoned.
Your surroundings suddenly seem different.
* * * LOW HITPOINT WARNING * * *
You feel very sick.
You die...

............(...##
#.#.........##(###
# #......(.(##(#
#[...........######
..........#.......#
.................<#
######>..#.......#
#....#.......#
#..@##.......#
#.............#
#.##......##### ...
...###.# ... #.##
#..# [.. #.# # ..
... . #.. ##.


There were no monsters in sight!

Vanquished Creatures
  Joseph (D:7)
  A spriggan (D:7)
  Sigmund (D:3)
  Duvessa (D:7)
  An ice beast (D:7)
  A phantom (D:7)
  3 ogres
  A centaur (D:8)
  A big kobold (D:7)
  A bullfrog (D:6)
  Dowan (D:7)
  A wyvern zombie (D:7)
  A water moccasin zombie (D:6)
  A scorpion (D:7)
  2 howler monkeys
  An orc priest (D:6)
  3 hounds
  Crazy Yiuf (D:7)
  A bullfrog skeleton (D:4)
  Jessica (D:3)
  An iguana (D:4)
  9 worker ants
  A hound skeleton (D:3)
  Robin (D:3)
  4 gnolls (D:4)
  4 adders
  2 shadow imps
  An adder skeleton (D:5)
  A worm (D:3)
  2 dart slugs (D:2)
  5 leopard geckos
  17 orcs
  2 ball pythons
  8 bats
  7 giant cockroaches
  12 goblins
  6 hobgoblins
  19 jackals
  4 quokkas
  3 frilled lizards
  12 kobolds
  A leopard gecko zombie (D:6)
  A quokka skeleton (D:5)
  8 rats
156 creatures vanquished.

Notes
Turn   | Place    | Note
-------+----------+-------------------------------------------
     0 | D:1      | tof the Barachi Fighter began the quest for the Orb.
     0 | D:1      | Reached XP level 1. HP: 18/18 MP: 1/1
   151 | D:1      | Reached XP level 2. HP: 22/25 MP: 2/2
   735 | D:1      | Reached XP level 3. HP: 28/30 MP: 3/3
  1008 | D:2      | Found a shattered altar of Ashenzari.
  1591 | D:2      | Reached XP level 4. HP: 32/38 MP: 4/4
  1706 | D:2      | Found a sacrificial altar of Ru.
  1755 | D:3      | Noticed Sigmund
  1767 | D:3      | Killed Sigmund
  1767 | D:3      | Reached skill level 5 in Fighting
  1767 | D:3      | Reached XP level 5. HP: 27/44 MP: 5/5
  2019 | D:3      | Reached XP level 6. HP: 49/51 MP: 6/6
  2148 | D:3      | Reached skill level 5 in Maces & Flails
  2284 | D:3      | Noticed Robin
  2296 | D:3      | Killed Robin
  2457 | D:3      | Found a sparkling altar of Nemelex Xobeh.
  2457 | D:3      | Noticed Jessica
  2461 | D:3      | Killed Jessica
  2806 | D:4      | Reached XP level 7. HP: 19/59 MP: 7/7
  3101 | D:4      | Reached skill level 5 in Armour
  3656 | D:5      | Entered Level 5 of the Dungeon
  3684 | D:5      | Found a staircase to the Ecumenical Temple.
  3694 | Temple   | Entered the Ecumenical Temple
  3984 | D:5      | Found a sparkling altar of Nemelex Xobeh.
  4208 | D:5      | Found a snail-covered altar of Cheibriados.
  4662 | D:6      | Reached XP level 8. HP: 58/67 MP: 8/8
  4668 | D:6      | Found a basalt altar of Yredelemnul.
  4783 | D:6      | Found an iron altar of Okawaru.
  4997 | D:6      | Found a deep blue altar of Sif Muna.
  5329 | D:6      | Found Laeffamm's Antique Weapon Shop.
  5368 | D:6      | Bought a runed great mace for 237 gold pieces
  5401 | D:7      | Noticed Duvessa
  5401 | D:7      | Noticed Dowan
  5481 | D:7      | Killed Duvessa
  5494 | D:7      | Killed Dowan
  5506 | D:7      | Got a brightly glowing ring mail
  5517 | D:7      | Identified the +4 ring mail "Seozxub" {rElec Dex+3} (You found it on level 7 of the Dungeon)
  5595 | D:7      | Noticed a spriggan baker
  5604 | D:7      | Killed a spriggan baker
  5659 | D:7      | Noticed Joseph
  5668 | D:7      | Reached XP level 9. HP: 76/76 MP: 9/9
  5681 | D:7      | Killed Joseph
  5880 | D:7      | Found Qipsonugimp's Quality Used Wands.
  5918 | D:7      | Found a shimmering altar of Xom.
  5949 | D:7      | Found a runed door.
  5953 | D:7      | Noticed Crazy Yiuf
  5959 | D:7      | Killed Crazy Yiuf
  6121 | D:7      | Found a hazy altar of Hepliaklqana.
  6274 | D:8      | Succumbed to an orc wizard's poison

Skill      XL: |  1  2  3  4  5  6  7  8  9 |
---------------+----------------------------+-----
Maces & Flails | 3 4 5 6 8 9 |  9.1
Fighting       | 4 5 6 7 9 |  9.9
Armour         | 4 5 6 7 |  7.2
Shields        | |  3.2

Action                   |  1- 3 |  4- 6 |  7- 9 || total
-------------------------+-------+-------+-------++-------
Melee: Flail             |   200 |   151 |   208 ||   559
       Great mace        |       |       |   105 ||   105
  Use: Scroll            |       |       |    15 ||    15
  Eat: Chunk             |     3 |     5 |    13 ||    21
Armor: Scale mail        |   104 |    63 |    72 ||   239
       Plate armour      |       |       |    87 ||    87
       Ring mail         |       |       |    71 ||    71
Dodge: Dodged            |    75 |    34 |   129 ||   238
Block: Shield            |   128 |    73 |    89 ||   290
